Map: Ruby Rock LE

Players

HoldTheDoor

  • Race: Protoss Protoss
  • League: Diamond
  • Spawn Location: 5:00

Nietzsche - Winner!

  • Race: Terran Terran
  • Spawn Location: 11:00

VOD

Have the link to the VOD?

Description

Time

  • Played on: May 9, 2026, 11:27 a.m.
  • Length: 9:58
Show
View Real Time Build Order
Export as new Build Order

HoldTheDoor Protoss 

Build Orders: 1 Gate Expand 

Get SALT Encoding   

  12  0:00  Probe  
  13  0:12  Probe  
  14  0:17  Pylon  
  14  0:24  Probe  
  15  0:32  Probe  
  15  0:39  Gateway  
  15  0:40  Probe  
  17  0:51  Probe  
  18  1:03  Probe  
  19  1:06  Pylon  
  19  1:15  Probe  
  20  1:27  Probe  
  20  1:29  Cybernetics Core  
  21  1:34  Assimilator  
  21  1:37  Nexus  
  21  1:39  Probe  
  22  1:45  Assimilator  
  23  1:54  Probe  
  23  1:59  Pylon  
  23  2:08  Warp Gate, Adept  
  23  2:17  Probe  
  26  2:24  Shield Battery  
  26  2:29  Probe  
  27  2:38  Gateway  
  27  2:43  Probe  
  28  2:45  Sentry  
  30  2:57  Shield Battery, Probe  
  31  3:10  Probe x2  
  33  3:22  Probe  
  33  3:25  Probe  
  35  3:30  Pylon  
  35  3:35  Robotics Facility, Probe  
  35  3:39  Probe  
  37  3:47  Probe  
  38  3:52  Probe  
  39  3:59  Zealot x2, Probe  
  44  4:07  Probe, Twilight Council  
  44  4:09  Pylon  
  45  4:11  Probe  
  45  4:14  Pylon  
  46  4:23  Immortal  
  50  4:35  Probe x2  
  52  4:42  Gateway  
  52  4:44  Charge  
  52  4:45  Gateway x2  
  52  4:47  Gateway, Probe x2  
  52  4:49  Pylon, Assimilator  
  52  4:52  Sentry  
  56  4:53  Zealot  
  56  4:59  Probe x2  
  60  5:06  Observer  
  61  5:11  Probe x2  
  63  5:15  Forge  
  63  5:17  Pylon  
  63  5:20  Pylon  
  63  5:23  Probe x2  
  65  5:32  Protoss Ground Weapons Level 1  
  65  5:35  Probe x2  
  67  5:42  Zealot  
  69  5:43  Zealot x5  
  69  5:47  Probe x2  
  81  5:52  Robotics Bay  
  81  5:55  Pylon  
  81  5:58  Assimilator  
  81  5:59  Probe  
  81  6:03  Pylon x2  
  82  6:06  Pylon  
  82  6:10  Pylon  
  82  6:16  Nexus  
  82  6:19  Sentry  
  82  6:24  Immortal  
  84  6:27  Probe  
  84  6:28  Templar Archives  
  89  6:37  Probe  
  89  6:38  Pylon  
  90  6:42  Zealot x2  
  90  6:43  Zealot  
  90  6:47  Zealot  
  98  6:53  Extended Thermal Lance  
  98  6:59  Colossus  
  104  7:10  Probe  
  104  7:13  Stargate  
  104  7:14  Protoss Ground Armor Level 1  
  104  7:15  Zealot x2  
  107  7:16  Zealot  
  107  7:17  Zealot  
  107  7:20  Zealot  
  115  7:23  Zealot  
  115  7:25  Probe  
  118  7:30  Psionic Storm  
  118  7:42  Probe x2  
  120  7:45  Probe  
  120  7:49  Shield Battery  
  121  7:52  Shield Battery  
  121  7:53  Photon Cannon  
  121  7:55  Photon Cannon  
  121  8:01  Pylon  
  121  8:05  Phoenix  
  123  8:08  Colossus  
  129  8:20  Photon Cannon  
  129  8:23  Probe  
  129  8:24  Photon Cannon  
  130  8:28  Probe  
  130  8:30  Phoenix  
  133  8:41  Photon Cannon  
  133  8:44  Photon Cannon, Assimilator  
  133  8:46  Assimilator  
  133  8:47  Photon Cannon  
  133  8:58  High Templar  
  133  8:59  High Templar  
  137  9:06  Archon  
  89  9:29  Zealot x3  
  89  9:30  Zealot  
  93  9:31  Stalker x2  
  93  9:43  Zealot  
  93  9:45  Zealot  
Show
View Real Time Build Order
Export as new Build Order

Nietzsche Terran - Winner!

Build Orders:  

Get SALT Encoding   

  12  0:00  SCV  
  13  0:12  SCV  
  14  0:17  Supply Depot  
  14  0:24  SCV  
  15  0:38  SCV  
  15  0:40  Barracks  
  16  0:51  SCV  
  17  1:03  SCV  
  18  1:15  SCV  
  19  1:27  SCV  
  19  1:29  Marine  
  19  1:32  Command Center  
  21  1:35  Supply Depot  
  22  1:45  Orbital Command  
  21  1:49  Marine  
  21  1:53  Refinery  
  22  2:00  Bunker  
  22  2:07  Marine  
  23  2:12  SCV  
  24  2:19  Refinery  
  24  2:24  SCV  
  24  2:25  Marine  
  24  2:26  Barracks  
  26  2:36  SCV  
  28  2:45  Barracks Reactor  
  28  2:48  SCV, Orbital Command  
  28  3:00  SCV  
  29  3:07  Factory  
  29  3:12  SCV  
  30  3:14  SCV  
  31  3:21  Marine x2  
  31  3:22  Marine  
  31  3:24  SCV  
  31  3:26  SCV  
  36  3:31  Supply Depot  
  36  3:36  SCV  
  36  3:38  SCV  
  38  3:42  Barracks Tech Lab  
  38  3:51  SCV x2  
  38  3:52  Marine x2  
  38  3:53  Factory Tech Lab  
  42  4:03  Starport  
  42  4:06  SCV x2  
  44  4:11  Siege Tank  
  44  4:12  Stimpack  
  44  4:13  Marine x3  
  50  4:18  SCV x2  
  52  4:25  Supply Depot  
  52  4:30  Supply Depot  
  52  4:32  SCV  
  52  4:34  SCV  
  54  4:40  Starport Reactor  
  54  4:46  Marine x2, SCV  
  54  4:47  Marauder  
  54  4:52  SCV  
  60  4:55  Command Center  
  60  4:57  Refinery  
  60  4:58  Refinery  
  60  5:04  Marine  
  61  5:08  SCV  
  61  5:09  Engineering Bay  
  61  5:12  Engineering Bay  
  61  5:13  SCV  
  63  5:16  Siege Tank, Marine  
  63  5:17  Armory  
  63  5:20  SCV  
  68  5:25  SCV  
  68  5:26  Marine  
  70  5:47  Supply Depot x2  
  70  5:49  Supply Depot  
  70  5:51  Supply Depot, Marine, SCV x2  
  73  5:57  Marine  
  73  5:58  Marine, Siege Tank  
  78  6:06  Medivac, SCV x2  
  78  6:08  Orbital Command  
  82  6:15  Marine x2  
  82  6:17  Supply Depot  
  82  6:18  Supply Depot, SCV  
  84  6:23  Marine  
  84  6:25  Medivac  
  88  6:26  SCV  
  88  6:31  Siege Tank, Orbital Command  
  91  6:35  SCV  
  91  6:36  Combat Shield  
  92  6:40  Starport  
  92  6:41  SCV  
  93  6:47  Factory  
  93  6:56  Refinery  
  93  6:59  SCV  
  93  7:01  SCV  
  95  7:05  Refinery  
  95  7:07  SCV  
  96  7:09  Barracks  
  96  7:10  Barracks  
  96  7:15  Marine x3, Barracks  
  98  7:16  Siege Tank, Medivac x2  
  98  7:22  Terran Infantry Weapons Level 1, Terran Infantry Armor Level 1  
  106  7:23  SCV  
  106  7:25  SCV  
  108  7:32  Factory Tech Lab  
  108  7:35  Marine  
  108  7:36  Marauder  
  108  7:37  SCV x3  
  114  7:49  SCV  
  114  7:51  Liberator x2, Medivac  
  120  7:52  Marine  
  120  7:53  SCV x2, Marine  
  120  7:56  Siege Tank, Marine  
  120  7:57  Marine x2  
  133  8:10  Marine, Supply Depot  
  133  8:11  Marine  
  135  8:13  Supply Depot, Command Center  
  135  8:14  Supply Depot  
  135  8:18  Marine, Barracks Reactor  
  135  8:19  Siege Tank  
  139  8:20  Barracks Tech Lab  
  139  8:22  Barracks Reactor  
  139  8:24  Supply Depot  
  139  8:27  Marine  
  139  8:29  Marine  
  139  8:31  Liberator  
  144  8:35  Marine  
  145  8:42  Marine  
  145  8:43  Siege Tank  
  145  8:45  Marine  
  145  8:47  Marine  
  151  8:51  Siege Tank  
  151  8:53  Marine, Barracks  
  151  8:54  SCV x2  
  157  9:00  Marine  
  157  9:02  Command Center  
  158  9:03  Marine  
  158  9:06  SCV  
  158  9:08  Marine x3  
  158  9:09  Medivac  
  165  9:10  Medivac  
  165  9:15  Siege Tank  
  161  9:19  Viking  
  151  9:24  Barracks  
  151  9:26  Marine x2  
  151  9:31  Marine x3  
  151  9:39  Marine  
Tags
 
League
Diamond
Matchup
PvT
Replay Pack
SC2Mai2026
Spawn Locations
Cross Positions
Add a new tag
Caveats
  • Supply blocks, unpowered buildings, or Contaminate may cause inaccurate times.
  • Supply counts are checked every 10 seconds.